 Dungeon Crawl Stone Soup version 0.25.1-2-g60ff931df9 (webtiles) character file.

Game seed: 17857616598058280171

203 lepoulpe303 the Shooter (level 5, -6/46 HPs)
             Began as a Draconian Hunter on Sept 30, 2020.
             Mangled by a gnoll shaman
             ... wielding a +0 whip
              (9 damage)
             ... on level 3 of the Dungeon.
             The game lasted 00:13:17 (3516 turns).

lepoulpe303 the Shooter (Draconian Hunter)          Turns: 3516, Time: 00:13:18

Health: -6/46      AC:  6    Str: 16    XL:     5   Next: 51%
Magic:  5/5        EV: 12    Int: 11    God:
Gold:   179        SH:  0    Dex: 11    Spells: 4/4 levels left

rFire    . . .     SeeInvis .   b - +0 flail (vorpal)
rCold    . . .     Gourm    .   (no shield)
rNeg     . . .     Faith    .   (armour unavailable)
rPois    .         Spirit   .   (helmet restricted)
rElec    .         Reflect  .   l - +0 cloak
rCorr    +         Harm     .   (no gloves)
MR       .....                  (no boots)
Stlth    ++........             (no amulet)
HPRegen  0.15/turn              C - ring of resist corrosion (curse)
MPRegen  0.09/turn              (no ring)

@: no status effects
A: unfitting armour, cold-blooded, AC +5
a: no special abilities


You were on level 3 of the Dungeon.
You were hungry.

You visited 1 branch of the dungeon, and saw 3 of its levels.

You collected 179 gold pieces.

Inventory:

Hand Weapons
 a - a +1 shortbow
 b - a +0 vorpal flail (weapon)
 c - a +0 short sword
Missiles
 n - 2 throwing nets {=f}
 Q - 60 arrows
Armour
 l - a +0 cloak (worn)
Jewellery
 d - an uncursed amulet of faith {Faith, !P}
 C - a cursed ring of resist corrosion (left hand)
Wands
 o - a wand of acid (6)
Scrolls
 f - a scroll of magic mapping {unknown}
 h - a scroll of blinking {unknown}
 i - a scroll of identify
 m - 2 scrolls of immolation {unknown}
 w - a scroll of remove curse
Potions
 g - a potion of flight {unknown}
 q - a potion of curing {unknown}
Comestibles
 e - 3 rations


   Skills:
 * Level 4.0 Fighting
 + Level 1.1 Maces & Flails
 * Level 4.5 Bows
 + Level 2.5 Dodging
 + Level 2.2 Stealth


You had 4 spell levels left.
You didn't know any spells.
Your spell library was empty.

Dungeon Overview and Level Annotations

Branches:
Dungeon (3/15)

Altars:


Innate Abilities, Weirdness & Mutations

Your plain brown scales are hard. (AC +5)
You cannot fit into any form of body armour.
You are cold-blooded and may be slowed by cold attacks.


Message History

You tail-slap the gnoll shaman, but do no damage.
The gnoll shaman mumbles some strange prayers to its god.
The gnoll shaman is healed somewhat.
You barely miss the gnoll shaman.
The gnoll shaman hits you but does no damage.
The gnoll shaman prays to its god.
The gnoll shaman is healed somewhat.
You hit the gnoll shaman but do no damage.
The gnoll shaman hits you with a +0 whip.
* * * LOW HITPOINT WARNING * * *
You take 4 damage, and have 20/46 hp.
You closely miss the gnoll shaman.
The gnoll shaman hits you with a +0 whip!
* * * LOW HITPOINT WARNING * * *
You take 8 damage, and have 12/46 hp.
You hit the gnoll shaman.
The gnoll shaman hits you with a +0 whip!
* * * LOW HITPOINT WARNING * * *
The gnoll shaman hits you with a +0 whip!
You die...

#.# # #÷## #
#.)# # ##.# #
########)#######
................
≈≈≈≈≈≈≈....≈≈≈≈≈
≈≈≈≈≈≈≈....≈≈≈≈≈
≈≈≈≈≈≈≈.@..≈≈≈≈≈
........g.......
#######''''#####
......#....#....
......'....'....
......#....#....
################


You could see a gnoll shaman.

Levels and vault maps discovered:
D:1:      psy_arrival_radial01, layout_basic, st_stairs_8
D:2:      layout_loops_ring, first_ration, chequers_ecumenical_altar_grove
D:3:      lemuel_castle_with_subvaults [lemuel_castle_interior_carwin_1],
          layout_basic, item_on_display_a

Notes
Turn   | Place    | Note
-------+----------+-------------------------------------------
     0 | D:1      | lepoulpe303 the Draconian Hunter began the quest for the
                  | Orb.
     0 | D:1      | Reached XP level 1. HP: 17/17 MP: 1/1
     0 | D:1      | Identified a +0 short sword
    86 | D:1      | Identified a cursed -1 club
   173 | D:1      | Reached skill level 1 in Stealth
   407 | D:1      | Reached XP level 2. HP: 21/25 MP: 2/2
   435 | D:1      | Reached skill level 2 in Dodging
   627 | D:1      | Identified a +0 club
   767 | D:1      | Identified a +0 whip
   803 | D:1      | Identified a +0 club
  1041 | D:2      | Identified a +0 spear
  1041 | D:2      | Identified a +0 vorpal flail
  1050 | D:1      | Reached XP level 3. HP: 28/30 MP: 3/3
  1106 | D:1      | Identified a +1 shortbow
  1170 | D:1      | HP: 6/30 [gnoll/+0 vorpal flail (3)]
  1333 | D:1      | Reached skill level 3 in Fighting
  1333 | D:1      | Reached skill level 4 in Bows
  1621 | D:2      | HP: 7/31 [gnoll/+0 spear (1)]
  1888 | D:2      | Identified 2 scrolls of identify
  1888 | D:2      | Identified an amulet of faith (You found it on level 1 of
                  | the Dungeon)
  1894 | D:2      | Identified a +0 club
  1937 | D:2      | Identified a +0 cloak (You found it on level 2 of the
                  | Dungeon)
  1982 | D:2      | Reached XP level 4. HP: 38/38 MP: 4/4
  1992 | D:2      | Found a faded altar of an unknown god.
  2048 | D:2      | Identified a +0 dagger
  2062 | D:2      | Identified a +0 dagger
  2080 | D:2      | Identified a +0 club
  2111 | D:2      | Identified a +0 club
  2297 | D:2      | Identified a +0 club
  2375 | D:2      | Identified a +0 club
  2413 | D:2      | Identified a +0 club
  2466 | D:2      | Identified a +0 club
  2864 | D:3      | Identified a +2 dagger of venom
  2913 | D:3      | Identified a +0 club
  2984 | D:3      | Identified a +0 club
  3023 | D:3      | Reached skill level 2 in Stealth
  3034 | D:3      | Identified a +0 club
  3070 | D:3      | Identified a +0 dagger
  3188 | D:3      | Identified a +0 dagger
  3198 | D:3      | Reached XP level 5. HP: 36/46 MP: 5/5
  3199 | D:3      | Identified 2 scrolls of remove curse
  3200 | D:3      | Identified a ring of resist corrosion (You found it on
                  | level 2 of the Dungeon)
  3217 | D:3      | Identified a +0 spear
  3424 | D:3      | Identified a +0 flail
  3424 | D:3      | Identified a +0 whip
  3425 | D:3      | Identified a +0 club
  3439 | D:3      | Reached skill level 1 in Maces & Flails
  3448 | D:3      | Reached skill level 4 in Fighting
  3499 | D:3      | Identified a +0 whip
  3499 | D:3      | Identified a +0 leather armour
  3516 | D:3      | HP: 3/46 [gnoll shaman/+0 whip (10)]
  3516 | D:3      | Mangled by a gnoll shaman

Table legend:
 A = Turns spent in this place as a percentage of turns spent in the entire game.
 B = Non-inter-level travel turns spent in this place as a percentage of non-inter-level travel turns spent in the entire game.
 C = Inter-level travel turns spent in this place as a percentage of turns spent in this place.
 D = Turns resting spent in this place as a percentage of non-inter-level travel turns spent in this place.
 E = Turns spent auto-exploring this place as a percentage of non-inter-level travel turns spent in this place.
 F = Non-inter-level travel turns spent in this place divided by the number of levels of this place that you've seen.
                   A       B       C       D       E      F
               +-------+-------+-------+-------+-------+----------------------
         Total | 100.0 | 100.0 |   3.2 |  29.6 |  43.4 | 1134.0
       Dungeon | 100.0 | 100.0 |   3.2 |  29.6 |  43.4 | 1134.0
               +-------+-------+-------+-------+-------+----------------------

Table legend:
 A = Kills in this place as a percentage of kills in entire the game.
 B = Kills by you in this place as a percentage of kills by you in the entire game.
 C = Kills by friends in this place as a percentage of kills by friends in the entire game.
 D = Other kills in this place as a percentage of other kills in the entire game.
 E = Experience gained in this place as a percentage of experience gained in the entire game.
 F = Experience gained in this place divided by the number of levels of this place that you have seen.
                   A       B       C       D       E      F
               +-------+-------+-------+-------+-------+----------------------
         Total | 100.0 | 100.0 |   N/A |   N/A | 100.0 |  97.0
       Dungeon | 100.0 | 100.0 |   N/A |   N/A | 100.0 |  97.0
               +-------+-------+-------+-------+-------+----------------------

Skill      XL: |  1  2  3  4  5 |
---------------+----------------+-----
Stealth        | 1 2 |  2.2
Dodging        | 2 |  2.5
Fighting       | 3 4 |  4.0
Bows           | 4 |  4.5
Maces & Flails | 1 |  1.1

Action                   |  1- 3 |  4- 6 || total
-------------------------+-------+-------++-------
Melee: Short sword       |   107 |       ||   107
       Tailslap          |    12 |    15 ||    27
       Flail             |    21 |   131 ||   152
 Fire: Shortbow          |    10 |     4 ||    14
  Use: Scroll            |     1 |     1 ||     2
 Stab: Sleeping          |       |     6 ||     6
       Distracted        |       |     1 ||     1
  Eat: Chunk             |     3 |     5 ||     8
Armor: Skin              |    56 |    45 ||   101
Dodge: Dodged            |   129 |    89 ||   218

Vanquished Creatures
  10 gnolls
  2 adders
  2 oozes
  2 worms
  2 leopard geckos
  An orc (D:3)
  8 bats
  5 giant cockroaches
  6 hobgoblins
  10 jackals
  3 frilled lizards
  7 goblins
  8 kobolds
  A quokka skeleton (D:2)
  9 rats
76 creatures vanquished.
